 Dungeon Crawl Stone Soup version 0.28.0-53-g5a82cb258f (webtiles) character file.

Game seed: 3522939928992899293

21 issech the Chopper (level 2, -1/27 HPs)
             Began as a Minotaur Monk on June 8, 2022.
             Succumbed to a kobold's poison
             ... on level 1 of the Dungeon.
             The game lasted 00:01:31 (612 turns).

issech the Chopper (Minotaur Monk)                   Turns: 612, Time: 00:01:31

Health: -1/27      AC:  5    Str: 15    XL:     2   Next: 62%
Magic:  1/1        EV: 11    Int:  7    God:
Gold:   51         SH:  0    Dex: 12    Spells: 1/1 levels left

rFire   . . .      SeeInvis .   h - +0 rapier
rCold   . . .      Faith    .   (no shield)
rNeg    . . .      Spirit   .   f - +0 ring mail
rPois   .          Reflect  .   (helmet restricted)
rElec   .          Harm     .   (no cloak)
rCorr   .          Rampage  .   (no gloves)
Will    .....                   (no boots)
Stlth   +.........              (no amulet)
HPRegen 0.09/turn               (no ring)
MPRegen 0.07/turn               (no ring)

@: lethally poisoned (-1 -> -12)
A: horns 2, retaliatory headbutt
a: no special abilities


You were on level 1 of the Dungeon.
You visited 1 branch of the dungeon, and saw 1 of its levels.

You collected 51 gold pieces.

Inventory:

Hand Weapons
 a - a +0 hand axe
 h - a +0 rapier (weapon)
Missiles
 c - 16 arrows
 e - 15 bolts
 k - a stone (quivered)
Armour
 b - a +0 robe
 f - a +0 ring mail (worn)
Scrolls
 i - a scroll of identify {unknown}
 j - a scroll of enchant weapon {unknown}
Potions
 d - a potion of lignification {unknown}
 g - a potion of resistance {unknown}


   Skills:
 + Level 4.0 Fighting
 + Level 0.1 Short Blades
 + Level 4.1 Axes
 + Level 3.6 Dodging
 + Level 1.5 Stealth


You had one spell level left.
You didn't know any spells.
Your spell library was empty.

Dungeon Overview and Level Annotations

Branches:
Dungeon (1/15)

Altars:


Innate Abilities, Weirdness & Mutations

You have a pair of horns on your head.
You reflexively headbutt those who attack you in melee.


Message History

A kobold comes into view. It is wielding a +0 short sword.
The kobold shouts!
The kobold throws a stone.
The stone barely misses you.
The kobold throws a stone.
The stone closely misses you.
A rat comes into view.
The kobold hits you but does no damage.
You puncture the kobold!
You kill the kobold!
Things that are here:
a +0 short sword; a stone; a kobold corpse You hit the rat but do no damage.
The rat bites you.
You hit the rat.
You kill the rat!
k - a stone
Things that are here:
a +0 short sword; a kobold corpse
Found a stone staircase leading down.
A kobold comes into view. It is wielding a +1 whip of venom.
The kobold shouts!
You hear a shout!
A kobold comes into view. It is wielding a +0 whip.
The kobold moves out of view.
The kobold barely misses you. The kobold hits you with a +0 whip.
The kobold hits you but does no damage.
You closely miss the kobold. You headbutt the kobold.
The kobold is moderately wounded.
The kobold hits you with a +1 whip of venom.
You are poisoned.
The kobold hits you with a +0 whip.
You closely miss the kobold.
The kobold is moderately wounded.
You feel very sick. The kobold closely misses you.
The kobold hits you but does no damage. x2
You are more poisoned.
The kobold hits you with a +0 whip.
* * * LOW HITPOINT WARNING * * *
* * * LOW HITPOINT WARNING * * *
You feel very sick.
* * * LOW HITPOINT WARNING * * *
You feel very sick.
You die...

#.### #.#.# #...# #.#.#
#...### #.#.#
#.....#######.#.#
#.............#.#
#.#...........#.###########
#.#.#.........#......)....#
#.#.#.###################.#
#.#...........@.K.........#
#.###.######....K...#######
#.......................
#.#####.######........####
#................>....#
......#.#########.#####
................#.#
........#.#####.#.#
........#.#.#.#.#


You could see 2 kobolds.

Vanquished Creatures
  A dart slug (D:1)
  2 endoplasms (D:1)
  A giant cockroach (D:1)
  3 goblins (D:1)
  3 hobgoblins (D:1)
  A quokka (D:1)
  A ball python (D:1)
  A bat (D:1)
  A frilled lizard (D:1)
  2 kobolds (D:1)
  A rat (D:1)
17 creatures vanquished.

Notes
Turn   | Place    | Note
-------+----------+-------------------------------------------
     0 | D:1      | issech the Minotaur Monk began the quest for the Orb.
     0 | D:1      | Reached XP level 1. HP: 19/19 MP: 0/0
   276 | D:1      | Reached XP level 2. HP: 22/27 MP: 1/1
   611 | D:1      | HP: 1/27 [poisoned by a kobold]
   612 | D:1      | Succumbed to a kobold's poison

Illustrated notes

Levels and vault maps discovered:
D:1:      mrwooster_arrival_statue, layout_basic,
          hellmonk_ecumenical_altar_lost_god

Skill      XL: |  1  2 |
---------------+-------+-----
Axes           | 4 |  4.1
Fighting       | 4 |  4.0
Short Blades   | |  0.1
Dodging        | |  3.6
Stealth        | |  1.5

Action                   || total
-------------------------++-------
Melee: Hand axe          ||    17
       Headbutt          ||     5
       Punch             ||     1
       Rapier            ||    10
Armor: Robe              ||     2
       Ring mail         ||     7
Dodge: Dodged            ||    16
